[Event "1000GM Schev-G2 April 2024"]
[Site "Santa Clara"]
[Date "2024.04.21"]
[Round "4.1"]
[White "Fiedorek, Michal"]
[Black "Rajaram, Rohan"]
[Result "1-0"]
[ECO "B90"]
[WhiteElo "2310"]
[BlackElo "2198"]
[Annotator "TA"]
[PlyCount "87"]
[EventDate "2024.03.06"]
[EventType "schev"]
[EventCountry "USA"]
[SourceTitle "playchess.com"]
[Source "ChessBase"]
[SourceQuality "1"]
[TimeControl "5400+30"]

1. e4 c5 2. Nf3 d6 3. d4 cxd4 4. Nxd4 Nf6 5. Nc3 a6 6. h3 e5 7. Nb3 Be7 8. Be3 h6 9. Qe2 b5 {[%emt 0:03:49] The position is equal.} 10. g4 b4 11. Nd5 Nxd5 12. exd5 Nd7 13. O-O-O (13. a3 $14) 13... O-O 14. f4 exf4 (14... a5 $15 15. fxe5 Nxe5) 15. Bxf4 $11 Bb7 16. Kb1 Rc8 17. Bg2 Re8 18. Qd2 a5 19. Nd4 Nb6 20. Nc6 $36 {[%emt 0:02:41][%mdl 2048] White is pushing.} Qc7 (20... Qd7 $11) 21. Qd3 (21. Nxa5 Nxd5 22. Bxd5 Bxd5 23. Qxd5 Qxc2+ 24. Ka1 Bf6 $19) ({White should try} 21. Rhe1 $1 $14) 21... Bf6 22. h4 Na4 $2 (22... Nxd5 $1 $11 23. Bxd5 Bxc6 24. Bxd6 Qd8) 23. Bc1 $16 {[%emt 0:02:44] [#] Strongly threatening g5. White is more active.} Bxc6 $4 {[%emt 0:11:04][%mdl 8192] Loses the game.} (23... Nc5 $16 24. Qh3 Be5) 24. dxc6 $18 Be5 25. g5 Kh8 26. gxh6 g6 27. h5 Rg8 28. Bd5 Nb6 29. Be4 f5 $2 (29... g5 30. Be3 (30. h7 Rge8 $18) 30... f6) 30. hxg6 Rxg6 31. Bxf5 Rg3 32. Qe2 Re8 33. Be4 a4 34. Qh5 Qe7 35. Rhf1 Rf8 {[%emt 0:01:10] Wards off Rf7} 36. Rxf8+ Qxf8 37. Qf5 (37. Rf1 $142 Qxf1 38. Qe8+ Rg8 39. Qe7) 37... Qe7 {[%emt 0:01:21] [#]} 38. c7 $1 {[%emt 0:04:24][%cal Oc1e3] Intending Be3! and mate.} Qxc7 (38... Rg8 39. Be3) 39. Rxd6 {[%emt 0:00:45] White mates.} Bxd6 40. Qf6+ Rg7 41. hxg7+ ({Stronger than} 41. Qxg7+ Qxg7 42. hxg7+ Kxg7 $11) 41... Kg8 42. Qe6+ Kxg7 43. Bh6+ {[%emt 0:00:04] This pair of bishops is nice.} Kh8 44. Qe8+ {[%emt 0:00:11] Weighted Error Value: White=0.54/Black=0.47.  Loses game:     	---       	Black=1      Mistake:       	White=2     	Black=4      Inaccurate:     	White=3     	Black=4      OK:         	White=10    	Black=7      Best:        	White=2     	Black=1} 1-0

[Event "1000GM Schev-G2 April 2024"]
[Site "Santa Clara"]
[Date "2024.04.21"]
[Round "4.2"]
[White "Heimann, Alexander"]
[Black "Guo, Ethan"]
[Result "1-0"]
[ECO "A09"]
[WhiteElo "2251"]
[BlackElo "2211"]
[Annotator "TA"]
[PlyCount "63"]
[EventDate "2024.03.06"]
[EventType "schev"]
[EventCountry "USA"]
[SourceTitle "playchess.com"]
[Source "ChessBase"]
[SourceQuality "1"]
[TimeControl "5400+30"]

1. Nf3 d5 2. c4 d4 3. e3 Nc6 4. exd4 Nxd4 5. Nxd4 Qxd4 6. Nc3 c6 7. d3 Nh6 8. Be3 Qd6 9. Ne4 Qe5 {The position is equal.} 10. Qd2 Nf5 $1 11. Bf4 Qe6 {[#]} (11... Qd4 $11) 12. O-O-O $1 $16 {White leaves nothing to chance now.} g6 $2 {[#]} (12... h5 $16) 13. Re1 $1 $18 {Hoping for Nc5.} Bg7 14. g4 ({Don't play} 14. Nd6+ $6 Nxd6 15. Rxe6 Bxe6 $16) 14... Nd4 {[%cal Oe8g8] [#]} 15. Nd6+ $1 exd6 16. Bxd6 Qxe1+ 17. Qxe1+ Be6 18. Qa5 b6 $2 (18... Rd8) 19. Qg5 f6 20. Qe3 c5 21. b4 Kf7 $2 (21... Bf8) 22. bxc5 bxc5 23. Bxc5 Nc6 24. Bg2 Rac8 25. Bf1 Ra8 $1 26. Bg2 Rac8 27. Re1 Rhe8 28. Qf4 Na5 29. d4 {[%emt 0:01:19][%cal Oe1e6] Threatens to win with Rxe6!} Bxc4 30. Rxe8 Kxe8 31. Qd6 Bf8 {[%emt 0:00:00] Prevents Qe7+} 32. Qxf8+ {[%emt 0:00:04] Weighted Error Value: White=0.59/Black=0.45.  Mistake:       	---       	Black=4      Inaccurate:     	White=1     	Black=1      OK:         	White=4     	Black=6      Best:        	White=1     	Black=3      Strong:       	White=2     	Black=1      Brilliant:      	White=1     	---} 1-0

[Event "1000GM Schev-G2 April 2024"]
[Site "Santa Clara"]
[Date "2024.04.21"]
[Round "4.3"]
[White "Yan, Nathan"]
[Black "Gracia Alvarez, Gerardo Antonio"]
[Result "1-0"]
[ECO "C07"]
[WhiteElo "2181"]
[BlackElo "2240"]
[Annotator "TA"]
[PlyCount "67"]
[EventDate "2024.03.06"]
[EventType "schev"]
[EventCountry "USA"]
[SourceTitle "playchess.com"]
[Source "ChessBase"]
[SourceQuality "1"]
[TimeControl "5400+30"]

1. e4 e6 2. d4 d5 3. Nd2 c5 4. Ngf3 cxd4 5. Nxd4 Nc6 6. Bb5 Bd7 7. Nxc6 bxc6 8. Bd3 Qc7 9. Nf3 Bd6 10. Qe2 dxe4 11. Bxe4 {[%emt 0:00:57] White has an edge.} Nf6 12. Bd3 O-O 13. O-O Rae8 {[%emt 0:06:12] White must now prevent ...e5.} 14. Bg5 Nd5 15. c4 Nf4 (15... h6 $5 16. cxd5 hxg5 17. dxc6 Bxc6 $11) 16. Bxf4 Bxf4 17. g3 {[%emt 0:00:23] Dodges e5} e5 18. Qc2 $1 (18. gxf4 e4 19. Rfe1 (19. Bxe4 Qxf4 20. Nd2 f5 $11) 19... Qxf4 20. Bxe4 Bh3 $17) 18... Kh8 {[%emt 0:26:00] This costs Black the game.} 19. gxf4 $18 e4 20. Bxe4 Qxf4 {[%emt 0:00:07] [#]} 21. Nd2 (21. Bxh7 {gets mated.} Qg4+ (21... Qxf3 $2 22. Qd1 $19) 22. Kh1 Qxf3+ 23. Kg1 Re5 (23... Bh3 24. Be4 Rxe4 25. Qxe4 Qxe4 26. f3 Qg6+ 27. Kf2 Qc2+ 28. Kg3 Qg2+ 29. Kh4 g5+ 30. Kh5 Kg7 31. Rh1 Rh8#) (23... Bh3 24. Be4 Rxe4 25. Qxe4 Qxe4 26. f3 Qg6+ 27. Kf2 Qc2+ 28. Ke3 Re8+ 29. Kd4 Qd2+ 30. Kc5 Re5+ 31. Kxc6 Qd7#)) 21... Bh3 22. Rfe1 f5 $2 (22... Rxe4 {was necessary.} 23. Qxe4 (23. Nxe4 $2 {leads to mate.} Qf3 24. Ng5 Qg2#) 23... Qg5+ 24. Kh1 Qxd2) 23. Bxc6 Rd8 24. Nf1 Rd6 25. Bg2 Bxg2 26. Kxg2 Qg4+ (26... Rg6+ $142 27. Ng3 h5) 27. Ng3 {[%emt 0:02:59] White is clearly winning.} h5 28. Qe2 Qf4 29. Qe5 Qxe5 30. Rxe5 h4 31. Rxf5 Rb8 32. Rh5+ Kg8 33. Rxh4 Rxb2 34. c5 {[%emt 0:07:08] Weighted Error Value: White=0.16 (very precise) /Black=0.59.  Loses game:     	---       	Black=1      Mistake:       	---       	Black=2      Inaccurate:     	White=1     	Black=2      OK:         	White=10    	Black=7      Best:        	White=4     	---        Strong:       	White=1     	---} 1-0

[Event "1000GM Schev-G2 April 2024"]
[Site "Santa Clara"]
[Date "2024.04.21"]
[Round "4.4"]
[White "Iinuma, Paul Y"]
[Black "Dominguez Aguilar, Guillermo"]
[Result "1-0"]
[ECO "A70"]
[WhiteElo "2165"]
[BlackElo "2285"]
[Annotator "TA"]
[PlyCount "53"]
[EventDate "2024.03.06"]
[EventType "schev"]
[EventCountry "USA"]
[SourceTitle "playchess.com"]
[Source "ChessBase"]
[SourceQuality "1"]
[TimeControl "5400+30"]

1. d4 Nf6 2. c4 c5 3. d5 e6 4. Nc3 exd5 5. cxd5 d6 6. Nf3 g6 7. h3 Bg7 8. e4 O-O 9. Be3 ({White should play} 9. Bd3 $14) 9... a6 10. a4 Nbd7 11. Be2 Ne8 {[%emt 0:03:27] White is slightly better.} 12. O-O Rb8 13. Nd2 Qe7 14. Re1 Nc7 15. Nc4 b5 16. Na5 {[%emt 0:00:00] Strongly threatening Nc6.} b4 17. Nc6 $1 Qe8 {[%emt 0:11:48] [#]} 18. Nb1 $36 {[%emt 0:00:00][%cal Bc3b1,Bb1d2,Bd2e4,Be4d6,Bd6b5][%mdl 2080] Keeping Black busy. White is much more active. The black rooks are passive.} Qxe4 (18... Rb6 $16 {is more resistant.}) 19. Nd2 $18 Qh4 20. g3 Qf6 (20... Qxh3 21. Bg4) 21. Ne4 Qxb2 22. Rb1 Qa2 23. Nxd6 {[%emt 0:00:00] White is clearly winning.} ({Less strong is} 23. Nxb8 Nxb8 24. Nxd6 Qxd5 $18) 23... Ra8 ({Weaker is} 23... Nxd5 24. Bc4) (23... Nb6 $142 24. Ne7+ (24. Nxb8 Ncxd5 25. Bxc5 Nc3 $18) 24... Kh8 25. Nexc8 (25. Bxc5 Ncxd5 26. Bxb6 Nc3 $18) 25... Nxc8) 24. Bc4 Qa3 25. Bb3 Nb5 26. axb5 axb5 27. Nxb5 {[%emt 0:00:00] Black did not feel at home in the position after the opening.   Weighted Error Value: White=0.03 (flawless) /Black=0.52.  Loses game:     	---       	Black=1      Mistake:       	---       	Black=1      Inaccurate:     	---       	Black=3      OK:         	White=7     	Black=6      Best:        	White=4     	---} 1-0

[Event "1000GM Schev-G2 April 2024"]
[Site "Santa Clara"]
[Date "2024.04.21"]
[Round "4.5"]
[White "Kokoszczynski, Jan"]
[Black "Tang, Dylan"]
[Result "1-0"]
[ECO "A13"]
[WhiteElo "2287"]
[BlackElo "2217"]
[Annotator "TA"]
[PlyCount "93"]
[EventDate "2024.03.06"]
[EventType "schev"]
[EventCountry "USA"]
[SourceTitle "playchess.com"]
[Source "ChessBase"]
[SourceQuality "1"]
[TimeControl "5400+30"]

1. Nf3 d5 2. g3 Nf6 3. Bg2 e6 4. c4 dxc4 5. Qa4+ Bd7 6. Qxc4 c5 7. Ne5 Qc8 8. Qd3 {[%emt 0:00:05] The position is equal.} Be7 9. Nc3 Bc6 10. Nxc6 Nxc6 11. Qb5 O-O 12. Bxc6 bxc6 13. Qa4 Rd8 14. d3 Rd4 15. Qc2 c4 16. dxc4 Rxc4 17. b3 Rc5 {[%emt 0:03:09] Strongly threatening ...Qb7.} 18. Be3 (18. Ba3 $2 Rxc3 19. Qxc3 Bxa3 $19) 18... Rh5 19. f3 {[%emt 0:12:47] Against Ng4} c5 20. Ne4 Nd5 21. Bd2 f5 22. Nf2 Bf6 (22... Qa6 $14) 23. Rc1 $16 Bd4 24. Qd3 $1 Qf8 25. e3 Bf6 26. Qc4 Rc8 27. Qa6 Re8 28. Qxa7 Be7 ({Black should play} 28... Ra8 29. Qd7 (29. Qxc5 Qxc5 30. Rxc5 Rxa2 $14) 29... Kh8) 29. Qa6 Rh6 30. Qc4 {[%emt 0:01:44] Hoping for e4.} Bd6 31. a4 g5 32. e4 Rg6 (32... f4 $142) 33. O-O $18 (33. exd5 $2 {perishes.} exd5+ $19) 33... Nb6 34. Qe2 h5 35. Bc3 h4 36. Kg2 Re7 37. Rcd1 Rh7 {[%emt 0:01:26] Prevents Rxd6} 38. g4 ({Don't play} 38. Qd3 Bc7 39. exf5 c4 $18) 38... h3+ 39. Kh1 fxg4 40. Nxg4 {[%emt 0:00:58] White is clearly winning.} Bf4 41. a5 Nc8 42. Qb5 Rf7 43. Rd3 Bd6 44. Be5 Be7 45. a6 c4 46. Qxc4 Bc5 47. Rc3 {[%emt 0:00:49] Weighted Error Value: White=0.14 (very precise) /Black=0.32.  Mistake:       	---       	Black=3      Inaccurate:     	White=1     	Black=6      OK:         	White=16    	Black=10     Best:        	White=2     	---        Strong:       	White=1     	---} 1-0

[Event "1000GM Schev-G2 April 2024"]
[Site "Santa Clara"]
[Date "2024.04.22"]
[Round "5.1"]
[White "Rajaram, Rohan"]
[Black "Heimann, Alexander"]
[Result "1/2-1/2"]
[ECO "E18"]
[WhiteElo "2198"]
[BlackElo "2251"]
[Annotator "TA"]
[PlyCount "79"]
[EventDate "2024.03.06"]
[EventType "schev"]
[EventCountry "USA"]
[SourceTitle "playchess.com"]
[Source "ChessBase"]
[SourceQuality "1"]
[TimeControl "5400+30"]

1. d4 Nf6 2. c4 e6 3. Nf3 b6 4. g3 Bb7 5. Bg2 Be7 6. O-O O-O 7. Nc3 Ne4 8. Nxe4 Bxe4 9. Nd2 Bxg2 10. Kxg2 f5 11. Nf3 Bf6 {[%emt 0:00:13] The position is equal.} 12. b3 Nc6 13. e3 d5 14. Bb2 Na5 15. Rc1 dxc4 16. bxc4 c5 17. Qe2 cxd4 (17... Nb7 $11 {remains equal.}) 18. exd4 (18. Bxd4 $16 Bxd4 19. exd4) 18... Re8 $11 19. Rfd1 Rc8 20. Rc2 Qd7 21. Rdc1 Nb7 22. Qe3 Nd6 23. Nd2 Red8 24. Kg1 Nf7 25. Nf3 h6 26. Re1 Re8 27. Qb3 Qc6 28. Rec1 Bg5 29. Re1 Qd7 30. Rce2 Nd6 (30... Bf6 $11 {is superior.}) 31. Rc2 (31. Ne5 $14 Qb7 32. Ba3) 31... Bf6 32. Rec1 Ne4 33. a3 Qf7 34. Nd2 Nxd2 35. Rxd2 f4 36. Re1 Bg5 {[%emt 0:01:00] [#] Threatens to win with ...fxg3.} 37. Rd3 Qf5 38. Rf3 Qg4 (38... Qg6 $14) 39. Kg2 (39. h4 $1 $18 fxg3 40. hxg5 gxf2+ 41. Kxf2) 39... fxg3 $16 40. hxg3 {[%emt 0:00:00] Weighted Error Value: White=0.17 (very precise) /Black=0.21 (precise) .  Mistake:       	White=3     	Black=3      Inaccurate:     	White=3     	Black=5      OK:         	White=7     	Black=12} 1/2-1/2

[Event "1000GM Schev-G2 April 2024"]
[Site "Santa Clara"]
[Date "2024.04.22"]
[Round "5.2"]
[White "Gracia Alvarez, Gerardo Antonio"]
[Black "Guo, Ethan"]
[Result "1/2-1/2"]
[ECO "B51"]
[WhiteElo "2240"]
[BlackElo "2211"]
[Annotator "TA"]
[PlyCount "58"]
[EventDate "2024.03.06"]
[EventType "schev"]
[EventCountry "USA"]
[SourceTitle "playchess.com"]
[Source "ChessBase"]
[SourceQuality "1"]
[TimeControl "5400+30"]

1. e4 c5 2. Nf3 d6 3. Bb5+ Nd7 4. c3 Ngf6 5. Bd3 g6 6. Bc2 Ne5 7. d4 Nxf3+ 8. Qxf3 {White is slightly better.} cxd4 9. cxd4 Bg7 10. O-O O-O 11. h3 Bd7 12. Nc3 Bc6 13. Qe2 e6 14. Rd1 Qa5 15. Bd2 Qb6 16. Rab1 Qxd4 17. Bf4 Qb6 18. Bxd6 Rfd8 19. b4 Ne8 20. Bc5 Qc7 21. Na4 ({White should try} 21. Qc4 $15) 21... b6 $17 {[%emt 0:00:00] Hoping for ...Bxa4.} 22. Be3 Rxd1+ (22... Bb5 $19 23. Qxb5 Qxc2) 23. Rxd1 {[%emt 0:00:30] [#]} Rd8 ({Black should play} 23... Bb5 $1 $17 24. Qxb5 Qxc2) 24. Rxd8 $15 Qxd8 25. Qc4 Qd7 26. Nc3 Nd6 27. Qd3 Nb5 {[%emt 0:00:00] Against Bd4} (27... Bxc3 $15 28. Qxc3 Bxe4) 28. Qxd7 Bxd7 29. Nxb5 Bxb5 {[%emt 0:00:00] Weighted Error Value: White=0.14 (very precise) /Black=0.14 (very precise) .  Mistake:       	White=1     	Black=3      Inaccurate:     	White=4     	---        OK:         	White=7     	Black=8      Best:        	---       	Black=2} 1/2-1/2

[Event "1000GM Schev-G2 April 2024"]
[Site "Santa Clara"]
[Date "2024.04.22"]
[Round "5.3"]
[White "Dominguez Aguilar, Guillermo"]
[Black "Yan, Nathan"]
[Result "1/2-1/2"]
[ECO "E08"]
[WhiteElo "2285"]
[BlackElo "2181"]
[Annotator "TA"]
[PlyCount "54"]
[EventDate "2024.03.06"]
[EventType "schev"]
[EventCountry "USA"]
[SourceTitle "playchess.com"]
[Source "ChessBase"]
[SourceQuality "1"]
[TimeControl "5400+30"]

1. c4 e6 2. Nf3 d5 3. d4 Nf6 4. g3 Bb4+ 5. Bd2 Be7 6. Bg2 O-O 7. Qc2 c6 8. O-O b6 9. Bf4 Bb7 10. Rd1 Nbd7 11. Nc3 dxc4 12. Nd2 Nd5 13. Nxc4 Nxf4 14. gxf4 {[%emt 0:00:02] The position is equal.} Qc7 15. e3 Rfd8 16. Rac1 Rac8 17. Qb1 Qb8 18. b4 Nf6 19. Ne5 Nd5 20. Be4 g6 21. a3 Kg7 22. Bg2 Qa8 23. Qb2 a5 24. Nc4 {[%emt 0:00:30] Excellent horsemanship.} axb4 25. Nxd5 {[%emt 0:00:30][%mdl 8192] [#]} (25. axb4 $11 {and White is okay.} Qb8 26. Bxd5 exd5 27. Nxb6) 25... cxd5 $19 (25... exd5 26. Nxb6 bxa3 27. Qb3 $11) 26. Nxb6 Rxc1 $2 ({Worse is} 26... Qxa3 27. Qxa3 bxa3 28. Nxc8 Bxc8 (28... Rxc8 29. Rxc8 Bxc8 30. Rc1 $16) 29. Bf1 $16) (26... bxa3 $19 27. Rxc8 axb2 28. Rxa8 Bxa8) 27. Nc4 (27. Qxc1 $17 Qa5 (27... Qxa3 28. Qc7 $15) 28. Qc7) 27... Rc2 {[%emt 0:00:00][%mdl 32768] Weighted Error Value: White=0.64/Black=0.23 (precise) .  Loses game:     	White=2     	---        Missed win:     	---       	Black=1      Inaccurate:     	---       	Black=1      OK:         	White=6     	Black=8      Best:        	White=1     	---       . An unexpected result.} 1/2-1/2

[Event "1000GM Schev-G2 April 2024"]
[Site "Santa Clara"]
[Date "2024.04.22"]
[Round "5.4"]
[White "Iinuma, Paul Y"]
[Black "Kokoszczynski, Jan"]
[Result "0-1"]
[ECO "D31"]
[WhiteElo "2165"]
[BlackElo "2287"]
[Annotator "TA"]
[PlyCount "70"]
[EventDate "2024.03.06"]
[EventType "schev"]
[EventCountry "USA"]
[SourceTitle "playchess.com"]
[Source "ChessBase"]
[SourceQuality "1"]
[TimeControl "5400+30"]

1. d4 d5 2. c4 e6 3. Nc3 h6 4. e4 dxe4 5. Nxe4 Bb4+ 6. Bd2 (6. Nc3 $1 $11) 6... Qxd4 $17 7. Bxb4 Qxe4+ 8. Be2 {[%emt 0:00:47] Black is better.} Nc6 9. Bc3 e5 (9... Nf6 $17 10. Nf3 O-O 11. Bxf6 gxf6) 10. Nf3 $15 Be6 11. Nd2 (11. O-O $15 Rd8 12. Nd2) 11... Qg6 {[%emt 0:14:01][%cal Og8f6] Black is more active.} 12. O-O Nge7 13. f4 exf4 $40 {[%emt 0:05:43][%mdl 128] Black attacks.} 14. Rxf4 O-O-O 15. Qf1 Rhe8 16. Qf2 f6 17. Rc1 Kb8 18. Ne4 Bc8 19. h4 Ne5 20. h5 Qh7 21. Qf1 N7c6 22. Nf2 Ne7 $2 {[%emt 0:01:21] [#] Excellent horsemanship.} ({Black should play} 22... g5 $19 23. hxg6 (23. Rxf6 $2 Nd4 $19) 23... Qxg6) 23. Bd1 $2 (23. Ne4 $1 $11) 23... Bf5 ({Black should try} 23... Qg8 {aiming for ...Nf5.} 24. Bc2 Be6) 24. Be2 (24. Ba4 $142 Bd7 25. Bc2) 24... N7c6 25. Rd1 Rxd1 26. Qxd1 Rd8 27. Qa4 {[%emt 0:00:01] [#] Now White is beyond hope.} (27. Qc1 $17) 27... Bd7 (27... g5 $142 28. hxg6 Qxg6) 28. b4 Qb1+ 29. Kh2 $2 (29. Qd1 Qxa2 30. Qe1) 29... Qc1 $19 {[%emt 0:01:15][%csl LRc3,LRf4] Black is clearly winning.} 30. Bxe5 Nxe5 31. Rd4 Qe3 (31... Bxa4 32. Rxd8#) 32. Qd1 Qxf2 33. Bg4 Nxg4+ 34. Qxg4 Bxg4 ({Stronger than} 34... Qxa2 35. Rxd7 Rxd7 36. Qxd7 $11) 35. Rxd8+ Bc8 {[%emt 0:00:06] Weighted Error Value: White=0.91/Black=0.50.  Loses game:     	White=1     	---        Missed win:     	---       	Black=1      Mistake:       	White=4     	Black=3      Inaccurate:     	White=4     	Black=1      OK:         	White=5     	Black=9      Best:        	White=2     	Black=1} 0-1

[Event "1000GM Schev-G2 April 2024"]
[Site "Santa Clara"]
[Date "2024.04.22"]
[Round "5.5"]
[White "Tang, Dylan"]
[Black "Fiedorek, Michal"]
[Result "1/2-1/2"]
[ECO "B56"]
[WhiteElo "2217"]
[BlackElo "2310"]
[Annotator "TA"]
[PlyCount "73"]
[EventDate "2024.03.06"]
[EventType "schev"]
[EventCountry "USA"]
[SourceTitle "playchess.com"]
[Source "ChessBase"]
[SourceQuality "1"]
[TimeControl "5400+30"]

1. e4 c5 2. Nf3 Nc6 3. d4 cxd4 4. Nxd4 Nf6 5. Nc3 d6 6. f3 e5 7. Nb3 Be7 8. Be3 O-O 9. Qd2 a5 10. Bb5 Be6 11. O-O-O Nb4 12. Kb1 d5 13. exd5 Nbxd5 {[%emt 0:00:51] White is slightly better.} (13... Nfxd5 14. a3 Nxc3+ (14... Nxe3 $2 15. Qxe3 Nxc2 16. Kxc2 $18) 15. Qxc3 $16) 14. Nxd5 Nxd5 15. Bc4 $1 Nxe3 16. Qxe3 Qc8 17. Bxe6 Qxe6 18. Rhe1 Rfd8 19. Rxd8+ (19. Qxe5 $2 Rxd1+ 20. Rxd1 Qxe5 $19) 19... Rxd8 {[%emt 0:00:09] The position is equal.} 20. Nc5 (20. Qxe5 $2 {is the wrong capture.} Rd1+ 21. Rxd1 Qxe5 $19) (20. Nxa5 Bb4 (20... b6 21. Nb3 $16) 21. Nxb7 Ra8 $19) 20... Bxc5 (20... Qb6 $5 21. Nd3 $8 Qxe3 22. Rxe3 f6 $16) 21. Qxc5 $11 {[%emt 0:00:03][%mdl 4096] Endgame. KQR-KQR} b6 22. Qc7 (22. Qxe5 $2 {perishes.} Qxe5 23. Rc1 Qxh2 $19) 22... Qd6 23. Qxd6 Rxd6 {[%emt 0:00:06] KR-KR} 24. Kc1 {[%emt 0:07:30] Prevents Rd2} f6 25. c4 Kf7 26. Kc2 h5 27. a3 Ke6 28. Kc3 Kd7 29. b4 axb4+ 30. axb4 Kc6 31. Ra1 Kb7 $1 {[%emt 0:03:08] Against Ra7+} 32. Ra2 Rd1 33. Rd2 Rc1+ 34. Rc2 Rd1 35. Rd2 Rc1+ 36. Rc2 Rd1 37. Rd2 {[%emt 0:00:05] Weighted Error Value: White=0.02 (flawless) /Black=0.01 (flawless) .  Inaccurate:     	White=1     	---        OK:         	White=10    	Black=10     Strong:       	White=1     	Black=1} 1/2-1/2